[Event "FTX Crypto Cup MCCT 2022"]
[Site "Miami"]
[Date "2022.08.11"]
[Round "1.1"]
[White "Aronian, Levon"]
[Black "Le, Quang Liem"]
[Result "1-0"]
[ECO "A18"]
[WhiteElo "2775"]
[BlackElo "2722"]
[Annotator "TA"]
[PlyCount "87"]
[EventDate "2022.08.10"]
[EventType "tourn"]
[EventCountry "USA"]
[SourceTitle "playchess.com"]
[Source "ChessBase"]
[SourceQuality "1"]
[TimeControl "900+10"]

1. c4 Nf6 2. Nc3 e6 3. e4 d5 4. e5 d4 5. exf6 dxc3 6. bxc3 Qxf6 7. d4 e5 8. Nf3 Nc6 {[%emt 0:00:11] A18: English Opening: Flohr-Mikenas System (1 c4 Nf6 2 Nc3 e6 3 e4).} 9. Bg5 Qg6 {[%emt 0:00:07] Strongly threatening ...e4.} 10. d5 Nb8 {[%emt 0:00:04][%cal Bc6b8,Bb8d7,Bd7f6][%mdl 32] The position is equal.} (10... Qe4+ $2 11. Be3 (11. Qe2 Qxe2+ 12. Bxe2 Na5 $16) 11... Ne7 12. Bd3 $16) 11. h4 $132 {[%emt 0:00:04][%mdl 2048] Black must now prevent Bd3. White puts up resistance} h6 12. h5 Qa6 {[%emt 0:00:05] is currently scoring better than 12...Qd6.} ({Don't play} 12... Qe4+ 13. Be3 Qf5 14. Bd3 $16) 13. Be3 Nd7 14. Bd3 Ba3 ({Much less strong is} 14... e4 15. Bxe4 Qxc4 16. Bd4 $14) 15. Rb1 O-O 16. O-O Qd6 17. Nh4 Nf6 18. Bf5 $1 Qa6 {[%emt 0:01:18] [#]} 19. Rb5 $146 ({Predecessor:} 19. c5 Qc4 20. Bxc8 Raxc8 21. Nf5 Bxc5 22. Rxb7 Bd6 23. Qf3 Qxd5 24. Qxd5 Nxd5 25. Bxa7 Nxc3 26. Ra1 Rfe8 {½-½ (26) Ellis,J (2243)-Lisak,J (2114) ICCF email 2021}) 19... Re8 20. Bxc8 (20. f4 $1 $11) 20... Raxc8 $15 21. Nf5 Bf8 (21... c6 $5 22. Rb3 cxd5 23. cxd5 Bf8 $11) 22. Qf3 (22. f4 $11) 22... c6 23. Rb3 cxd5 24. cxd5 Qxa2 (24... e4 $15 {was preferrable.} 25. Qg3 Nxh5) 25. Rfb1 $11 Rxc3 26. Rxb7 Qxd5 {[%emt 0:00:47] [#]} 27. Nxh6+ $1 gxh6 28. Qxf6 Bg7 {[%emt 0:00:04] [#]} (28... Rc6 $11 {remains equal.} 29. Qf5 Qe6) 29. Qf5 $1 $16 {[%emt 0:00:09][%mdl 1024] Hoping for Rd7. White has strong compensation. White is more active.} a6 $2 {[%emt 0:00:42][%mdl 8192] [#]} (29... Rc6 $16 {might work better.}) 30. Rd7 $1 $18 Qc4 {[%emt 0:00:25] [#]} (30... Qe6 {was worth a try.} 31. Qxe6 fxe6) 31. Rb4 $3 Qa2 (31... Qe6 32. Qxe6) 32. Rb6 {[%emt 0:01:24] Against Rc6} Rxe3 33. fxe3 {[%emt 0:00:04][%cal Ob6g6] Really sharp!} Rf8 34. Rbd6 (34. e4 $142) 34... Qe2 35. Qf3 Qe1+ 36. Kh2 {[%emt 0:00:01] Threatens to win with Qg3.} e4 37. Qg4 {[%emt 0:00:28] Rd8 is the strong threat.} ({And not} 37. Qxe4 Be5+ 38. Qxe5 Qh4+ 39. Kg1 Qe1+ 40. Kh2 Qh4+ 41. Kg1 Qe1+ 42. Kh2 $11) 37... Qxe3 38. Rd8 (38. Rd5 $18) 38... Qg5 $2 (38... Qc5 $16) 39. Rxf8+ {[%emt 0:00:17] White mates.} Bxf8 40. Qxg5+ hxg5 41. Rd8 e3 42. Kg1 f5 43. h6 $1 f4 44. Kf1 {[%emt 0:00:07] Weighted Error Value: White=0.18 (very precise) /Black=0.41} 1-0

[Event "FTX Crypto Cup MCCT 2022"]
[Site "Miami"]
[Date "2022.08.11"]
[Round "1.1"]
[White "Giri, Anish"]
[Black "Carlsen, Magnus"]
[Result "1/2-1/2"]
[ECO "B08"]
[WhiteElo "2760"]
[BlackElo "2864"]
[Annotator "TA"]
[PlyCount "69"]
[EventDate "2022.08.10"]
[EventType "tourn"]
[EventCountry "USA"]
[SourceTitle "playchess.com"]
[Source "ChessBase"]
[SourceQuality "1"]
[TimeControl "900+10"]

1. e4 g6 2. d4 Bg7 3. Nf3 d6 4. Be3 Nf6 5. Nc3 c6 6. Qd2 O-O 7. Bh6 d5 {[%emt 0:00:05] B08: Pirc Defence: Classical System.} 8. Bxg7 Kxg7 9. e5 Ne4 {[%emt 0:00:04] White is slightly better.} 10. Nxe4 dxe4 11. Ng5 c5 12. d5 ({Reject} 12. dxc5 Bf5 $11) ({Much worse is} 12. Nxe4 cxd4 13. Bd3 Nc6 $11) 12... Bf5 {[%emt 0:01:48][%cal Bc8f5,Bf5e6,Be6d5,Bd5f3][%mdl 32] [#]} 13. Rg1 $146 ({Predecessor:} 13. e6 fxe6 14. g4 Bxg4 15. Bh3 e3 16. Qxe3 Qxd5 17. Rg1 Bf5 18. Bxf5 Rxf5 19. Nxe6+ {1-0 (53) Lumley,B (2421)-Carr,T (2412) ICCF email 2019}) 13... h6 14. g4 Be6 15. Nxe4 ({Don't play} 15. dxe6 Qxd2+ 16. Kxd2 hxg5 $15) (15. O-O-O $5 hxg5 16. dxe6 Qxd2+ 17. Rxd2 $11) 15... Qxd5 16. Qxd5 Bxd5 17. Nxc5 Rc8 $1 18. O-O-O Rxc5 19. b4 Bf3 20. bxc5 Bxd1 21. Bg2 {[%emt 0:00:02] Inhibits Bf3.} Nd7 $1 {[%emt 0:00:21] [#] And now ...Be2 would win.} 22. Bxb7 Bf3 23. Bxf3 $11 {[%emt 0:01:02][%mdl 4096] Endgame KRB-KRN} Rc8 24. e6 fxe6 25. c6 Ne5 26. Be4 {[%emt 0:00:02] [#] Black must now prevent g5.} Nxc6 {[%emt 0:00:01] The position is equal.} 27. Bxc6 Rxc6 {[%emt 0:00:01] KR-KR} 28. Rd1 Kf6 29. Rd7 Ra6 30. Kb2 Rb6+ 31. Kc3 Ra6 32. Kb3 Rb6+ 33. Kc3 Ra6 34. Kb3 Rb6+ 35. Kc3 {[%emt 0:00:01] Weighted Error Value: White=0.02 (flawless) /Black=0.02 (flawless)} 1/2-1/2

[Event "FTX Crypto Cup MCCT 2022"]
[Site "Miami"]
[Date "2022.08.11"]
[Round "1.1"]
[White "Niemann, Hans Moke"]
[Black "Duda, Jan-Krzysztof"]
[Result "0-1"]
[ECO "D78"]
[WhiteElo "2688"]
[BlackElo "2750"]
[Annotator "TA"]
[PlyCount "75"]
[EventDate "2022.08.10"]
[EventType "tourn"]
[EventCountry "USA"]
[SourceTitle "playchess.com"]
[Source "ChessBase"]
[SourceQuality "1"]
[TimeControl "900+10"]

1. d4 Nf6 2. c4 g6 3. g3 c6 4. Bg2 d5 5. Nf3 Bg7 6. b3 O-O 7. Bb2 a5 8. Nc3 Ne4 9. O-O Bf5 10. Nh4 {[%emt 0:02:47] D78: Fianchetto Grünfeld: 6 0-0 c6.} Nxc3 11. Bxc3 Be6 12. f4 {[%emt 0:01:40][%cal Bf2f4,Bf4f5][%mdl 32] [#]} dxc4 $146 ({Predecessor:} 12... Nd7 13. cxd5 cxd5 14. Qd3 Nf6 15. f5 Bd7 16. Rae1 Qb6 17. Ba1 Rac8 18. h3 Bh6 {0-1 (34) Gunina,V (2451)-Goryachkina,A (2593) Moscow 2020}) 13. f5 {[%emt 0:00:08][%mdl 64] [#] Deflection} Bc8 14. Qd2 cxb3 15. axb3 b6 16. e4 ({White should try} 16. d5 $14) 16... e5 $11 17. fxe6 Bxe6 18. d5 Bxc3 19. Qxc3 cxd5 20. exd5 Bc8 (20... Bxd5 $2 21. Rad1 Qc8 22. Qxc8 Rxc8 23. Bxd5 $18) 21. Nf3 {[%emt 0:00:41][%cal Bh4f3,Bf3d4,Bd4c6][%mdl 32] The position is equal.} Ba6 22. Rf2 Nd7 23. Nd4 {[%emt 0:00:02] [#] And now Nc6 would win.} Qe7 24. d6 Qxd6 25. Bxa8 Rxa8 26. Qc6 Qxc6 27. Nxc6 Bb7 28. Nd4 Rd8 29. Rd1 Nc5 {[%emt 0:00:22] ...Nxb3 is the strong threat.} 30. Rfd2 Ne4 31. Rc2 Rd7 32. Rcc1 Ng5 {[%emt 0:00:24][%cal Od7d4] Hoping for ...Rxd4!} 33. Kf2 Re7 34. Re1 Ne4+ 35. Kg1 Rd7 36. Red1 Nc5 37. Nb5 Re7 38. Re1 {[%emt 0:00:09][%mdl 32768] Prevents Re2. A balanced but interesting game.  Weighted Error Value: White=0.05 (flawless) /Black=0.03 (flawless) . Loss on time!?} 0-1

[Event "FTX Crypto Cup MCCT 2022"]
[Site "Miami"]
[Date "2022.08.11"]
[Round "1.1"]
[White "Praggnanandhaa R"]
[Black "Firouzja, Alireza"]
[Result "1-0"]
[ECO "C67"]
[WhiteElo "2648"]
[BlackElo "2793"]
[Annotator "TA"]
[PlyCount "87"]
[EventDate "2022.08.10"]
[EventType "tourn"]
[EventCountry "USA"]
[SourceTitle "playchess.com"]
[Source "ChessBase"]
[SourceQuality "1"]
[TimeControl "900+10"]

1. e4 e5 2. Nf3 Nc6 3. Bb5 Nf6 4. O-O Nxe4 5. Re1 Nd6 6. Nxe5 Be7 7. Bf1 Nxe5 8. Rxe5 O-O 9. Nc3 {[%emt 0:00:09] C67: Ruy Lopez: Berlin Defence: 4 0-0 Nxe4.} Ne8 10. Nd5 Bd6 11. Re1 {[%emt 0:00:01] The position is equal.} c6 (11... Qh4 12. g3 Qd8 13. Ne3 $16) 12. Ne3 Be7 (12... Qh4 13. g3 Qf6 14. d4 $16) 13. Nf5 Bg5 14. d3 d5 {[%emt 0:00:13] [#]} 15. Bxg5 $146 ({Predecessor:} 15. Qf3 Bxf5 16. Qxf5 Bxc1 17. Raxc1 Nf6 18. c4 Qb6 19. b3 Rfe8 20. g3 Qa5 21. Rxe8+ Rxe8 22. cxd5 Qxd5 23. Qxd5 Nxd5 {1-0 (63) Caruana,F (2781)-Santos Ruiz,M (2597) Chess.com INT 2022}) 15... Qxg5 16. Ne7+ Kh8 {[%emt 0:00:01] Strongly threatening ...Be6.} 17. Nxc8 Rxc8 18. c4 Nf6 19. Qb3 $36 {[%emt 0:02:08][%mdl 2048] White has some pressure.} Qf4 {[%emt 0:02:11] ( -> ...Ng4)} 20. g3 Qc7 21. Qa3 c5 (21... Qb8 $14) 22. cxd5 $16 {[%emt 0:02:32] White now steadily converts the win.} (22. Qxa7 $2 Ra8 23. Qxa8 Rxa8 $19) 22... Nxd5 23. Rac1 ({But not} 23. Qxa7 $2 Ra8 24. Qxa8 Rxa8 $19) 23... Qb6 {[%emt 0:03:41] [#]} 24. Re5 $1 Nb4 {[%emt 0:00:15] [#]} 25. d4 $1 Nc6 (25... cxd4 $2 26. Rb5 Rxc1 27. Rxb6 axb6 28. Qxb4 $18) 26. Rexc5 Rcd8 27. d5 Ne5 28. Qc3 Rfe8 29. h3 Qd6 30. Bg2 h5 31. Rc7 Rb8 32. Qa3 Qb6 33. d6 Qd4 (33... h4 $142 34. d7 Red8) 34. Qc5 $18 Qxb2 (34... Qxc5 $142 35. R1xc5 Rbd8) 35. f4 Ng6 36. Qxh5+ Kg8 37. Bd5 Rf8 38. Kh1 {[%emt 0:00:28] Qxg6 is the strong threat.} Qf6 39. d7 Qd6 (39... Rfd8 $142 40. Re1 (40. Bxb7 Qe7 $16) 40... Ne7) 40. Be4 {[%emt 0:00:14] Threatens to win with Bxg6. White is clearly winning.} Rbd8 41. Qf5 Qa3 42. Kh2 Qxa2+ 43. R1c2 {[%emt 0:00:01] Active counter play!} Qa4 44. h4 {[%emt 0:00:06] Weighted Error Value: White=0.17 (very precise) /Black=0.30} 1-0

[Event "FTX Crypto Cup MCCT 2022"]
[Site "Miami"]
[Date "2022.08.11"]
[Round "1.2"]
[White "Carlsen, Magnus"]
[Black "Giri, Anish"]
[Result "1/2-1/2"]
[ECO "B90"]
[WhiteElo "2864"]
[BlackElo "2760"]
[Annotator "TA"]
[PlyCount "66"]
[EventDate "2022.08.10"]
[EventType "tourn"]
[EventCountry "USA"]
[SourceTitle "playchess.com"]
[Source "ChessBase"]
[SourceQuality "1"]
[TimeControl "900+10"]

1. e4 c5 2. Nf3 d6 3. d4 cxd4 4. Nxd4 Nf6 5. Nc3 a6 6. Rg1 ({White should try} 6. Be3 $14) 6... h5 {[%emt 0:00:02] B90: Sicilian Najdorf: Unusual White 6th moves, 6 Be3 Ng4 and 6 Be3 e5.} 7. Bg5 b5 8. a3 {[%emt 0:00:12] [#]} Bb7 $146 {[%emt 0:00:27] The position is equal.} ({Predecessor:} 8... Nbd7 9. Qd2 g6 10. Be2 Bb7 11. O-O-O Bg7 12. f4 Qc7 13. Bf3 Nb6 14. f5 Nc4 {½-½ (45) Finocchiaro,F (2570)-Prozorovsky,V (2452) ICCF email 2020}) 9. Bxf6 gxf6 10. f4 Nc6 11. Nxc6 Bxc6 12. Qd4 {[%emt 0:00:02] Prevents Qb6.} e6 13. O-O-O Rb8 14. Nd5 exd5 15. exd5 Bb7 (15... Ba8 $1 $17 {Hoping for ...Bg7.} 16. Re1+ Kd7) 16. Re1+ $1 $11 Be7 17. Bd3 {[%emt 0:04:19] Strongly threatening Re3.} Kf8 {[%emt 0:00:32] White must now prevent ...Qc7.} 18. g4 $1 hxg4 19. f5 Rg8 20. Rxg4 (20. Rg3 $1 $11 {was the only way to keep the balance.}) 20... Rxg4 $17 21. Qxg4 Bxd5 22. Qd4 (22. h4 $17 {might work better.}) 22... Bc4 $19 23. Bxc4 (23. Qh4 Ke8 24. Bxc4 bxc4) 23... bxc4 24. Qxc4 ({Don't play} 24. Qh4 Ke8 25. Qxc4 Rb5) 24... Qb6 25. b4 d5 26. Qh4 Ke8 {[%emt 0:00:05] And now ...Kd7 would win.} 27. Qh7 Qd6 {[%emt 0:00:21][%cal Oa6a5] Threatens to win with ...a5!} 28. Qg8+ Kd7 29. Qxf7 Qf4+ (29... Rf8 $1 $19 {[%cal Rf8f7] has better winning chances.} 30. Qg7 a5) 30. Kd1 $17 {[%emt 0:00:03] [#]} Qd4+ $1 ({Much weaker is} 30... Qf3+ $6 31. Re2 Re8 32. Qe6+ Kc7 33. Qxa6 $11) 31. Kc1 {[%emt 0:00:04] [#]} Qf4+ (31... Re8 $1 $17 32. Qe6+ (32. Kb1 a5 $17) 32... Kc7) 32. Kd1 $11 Qd4+ 33. Kc1 {[%emt 0:00:02] Chess con chili.} Qf4+ {[%emt 0:00:14] Weighted Error Value: White=0.16 (very precise) /Black=0.16 (very precise)} 1/2-1/2

[Event "FTX Crypto Cup MCCT 2022"]
[Site "Miami"]
[Date "2022.08.11"]
[Round "1.2"]
[White "Firouzja, Alireza"]
[Black "Praggnanandhaa R"]
[Result "1-0"]
[ECO "B31"]
[WhiteElo "2793"]
[BlackElo "2648"]
[Annotator "TA"]
[PlyCount "83"]
[EventDate "2022.08.10"]
[EventType "tourn"]
[EventCountry "USA"]
[SourceTitle "playchess.com"]
[Source "ChessBase"]
[SourceQuality "1"]
[TimeControl "900+10"]

1. e4 c5 2. Nf3 Nc6 3. Bb5 g6 4. Bxc6 bxc6 5. O-O Bg7 6. Re1 Qc7 {[%emt 0:00:15] B31: Sicilian: 2...Nc6 3 Bb5 g6.} 7. d3 e5 8. c3 Nf6 {[%emt 0:00:01] The position is equal.} 9. d4 cxd4 10. cxd4 exd4 11. Qxd4 O-O $1 12. Nc3 {[%emt 0:00:01] Inhibits d5.} (12. Bg5 {keeps more tension.} Ng4 13. Qd2 Ne5 14. Nxe5 Bxe5 15. h3) 12... Qb6 {[%emt 0:00:02] [#]} (12... d5 $5) 13. Qxb6 $146 ({Predecessor:} 13. e5 Qxd4 14. Nxd4 Ng4 15. Bf4 f6 16. e6 dxe6 17. Nxe6 Bxe6 18. Rxe6 g5 19. Bd6 {½-½ (69) Swiercz,D (2647)-Lenderman,A (2607) Saint Louis 2021}) 13... axb6 14. e5 Ne8 15. Be3 Ra6 16. Rad1 f6 17. Bf4 fxe5 18. Bxe5 d5 19. Bxg7 Nxg7 20. Ne5 {[%emt 0:00:18] Inhibits Bg4.} Bb7 21. a3 Nf5 22. h3 d4 23. Ne4 {[%emt 0:00:10] Pair of Knights!} c5 24. Ng5 Bc8 {[%emt 0:00:57] Prevents Nd7.} 25. Rc1 Ra7 (25... Nh4 $1 $11) 26. b4 $14 Rxa3 27. bxc5 d3 {[%emt 0:00:55] [#] ...d2 is the strong threat.} 28. Rcd1 (28. cxb6 $2 d2 29. Rf1 dxc1=N $19) 28... bxc5 29. Nxd3 c4 30. Ne5 (30. Nc5 $1 $14) 30... c3 $11 31. Rd5 c2 (31... Ra2 $1 $11 32. Rc5 Nd4) 32. Rc5 ({White should play} 32. Rd2 $16) 32... Nd4 {[%emt 0:00:07] Strongly threatening ...Bf5.} 33. Rc7 (33. Nef3 $11 {keeps the balance.} Nxf3+ 34. Nxf3) 33... Ba6 $2 {[%emt 0:01:35][%mdl 8192] [#] Black cannot hold the game after this.} (33... Rb3 $17 {and life is bright.} 34. Ngf3 Rb1 35. Rxc2 Rxe1+ 36. Nxe1 Nxc2 37. Nxc2 Rd8) 34. Ng4 $1 $18 ({Inferior is} 34. Nxh7 Rb3 35. Ng4 (35. Nxf8 Rb1 $11) 35... Rf7 36. Nhf6+ Kg7 37. Ne8+ Kf8 38. Rxf7+ Kxf7 39. Nd6+ Kg8 40. Re8+ Kh7 41. Re7+ Kh8 42. Re8+ Kh7 43. Re7+ Kh8 44. Re8+ Kh7 $11) 34... Nf5 {[%emt 0:00:47] Prevents Nh6+.} (34... Ne2+ $2 35. Kh2 Rf5 36. Nh6+ Kf8 37. Nxh7+ Ke8 38. Nxf5 gxf5 39. Rxc2 $18) 35. Rxc2 (35. Kh2 $142 {[%cal Oe1e8] Threatening mate with Re8!} Bb5 36. Ne6 (36. Nxh7 Rf7 $16) (36. Rxh7 Ra6 $11)) 35... Rb3 $2 (35... h6) 36. Rc6 Bb5 37. Nf6+ (37. Rc7 $142 Ra3 38. Rxh7) 37... Kh8 38. Nfxh7 {[%emt 0:01:16] Hoping for Rc7.} Bxc6 39. Nxf8 Kg7 40. Nfe6+ Kh6 41. Nf7+ Kh7 42. Ne5 {[%emt 0:00:03] Weighted Error Value: White=0.25 (precise) /Black=0.43} 1-0

[Event "FTX Crypto Cup MCCT 2022"]
[Site "Miami"]
[Date "2022.08.11"]
[Round "1.2"]
[White "Duda, Jan-Krzysztof"]
[Black "Niemann, Hans Moke"]
[Result "1-0"]
[ECO "B33"]
[WhiteElo "2750"]
[BlackElo "2688"]
[Annotator "TA"]
[PlyCount "117"]
[EventDate "2022.08.10"]
[EventType "tourn"]
[EventCountry "USA"]
[SourceTitle "playchess.com"]
[Source "ChessBase"]
[SourceQuality "1"]
[TimeControl "900+10"]

1. e4 c5 2. Nf3 Nc6 3. d4 cxd4 4. Nxd4 Nf6 5. Nc3 e5 6. Ndb5 d6 7. Bg5 a6 8. Na3 b5 9. Bxf6 gxf6 10. Nd5 f5 11. c3 Be6 {[%emt 0:00:03] [#] B33: Sicilian: Pelikan and Sveshnikov Variations.} (11... Bg7 $14) 12. Nxb5 $5 {[%emt 0:00:21][%mdl 4] Leaves trodden paths.} axb5 $14 13. Bxb5 Rc8 {[%emt 0:00:30] White is slightly better.} 14. Qa4 Bd7 15. exf5 {[%emt 0:00:03] [#]} Bg7 $146 ({Predecessor:} 15... Be7 16. O-O Rg8 17. f4 Bf6 18. Rae1 Nb8 19. Bxd7+ Nxd7 20. Nxf6+ Qxf6 21. fxe5 dxe5 {1-0 (62) Porta Tovar,G (1648)-Bover de la Cruz,P Llinars del Valles 2010}) 16. O-O {[%emt 0:00:37][%mdl 1024] White has compensation.} O-O $1 17. Qe4 {[%emt 0:00:07] Strongly threatening a4.} f6 (17... Re8 $1 $14) 18. Rfd1 $16 Ne7 19. a4 Rb8 (19... Nxf5 $2 20. Bxd7 Qxd7 21. Qxf5 $3 Qxf5 22. Ne7+ Kf7 23. Nxf5 $18) 20. c4 {[%emt 0:02:57] White is much more active.} (20. Bxd7 $1 $16 Qxd7 21. b4) 20... Kh8 $1 $11 (20... Nxf5 $2 21. Bxd7 Qxd7 22. Qxf5 $3 Qxf5 23. Ne7+ Kf7 24. Nxf5 $18) 21. Nxe7 Qxe7 22. Ra3 Bc8 23. Rh3 Bb7 24. Qh4 h6 25. Rhd3 Rfd8 26. h3 Ba8 27. b4 e4 28. Rd4 Qe5 $1 29. c5 d5 30. Qg4 {[%emt 0:00:31] Black is now going downhill.} Rbc8 ({Black should play} 30... Qc7) 31. a5 $16 Rc7 $2 {[%emt 0:00:06][%mdl 8192] [#]} (31... Qc7 $16 {was necessary.}) 32. Be2 $2 (32. Rxe4 $3 $18 Qc3 33. Re3) 32... Bf8 $2 {[%emt 0:00:06][%mdl 8192] [#]} (32... Rb8 $11) 33. Rxe4 $3 $18 {[%emt 0:00:19][%mdl 576] Pin} Qb2 34. Bf1 Rb8 35. Re2 Qa3 (35... Qxb4 36. Qxb4 Rxb4) 36. Rd4 {[%emt 0:00:41] Threatens to win with Qf4.} Rg7 (36... Rbc8 $142 37. Qg6 Bc6) 37. Qf4 Rgb7 38. Re3 Qb2 39. Rg3 (39. a6 $142 Rxb4 40. a7) 39... Re8 40. Qh4 Bg7 41. Rdg4 Qe5 42. Qh5 Rd8 43. b5 ({Less strong is} 43. Rxg7 Rxg7 44. Rxg7 (44. Qxh6+ Rh7 $18) 44... Kxg7 $16) 43... d4 44. c6 Re7 45. Bd3 (45. f4 $142 Qc7 46. Rxg7 $1 Rxg7 47. Qxh6+ Rh7 48. Qxf6+ Rg7 49. Rxg7 Qxg7 50. Qxd8+ Kh7 51. f6) 45... Qd6 {[%emt 0:00:21] [#]} 46. Kh2 (46. Rxg7 $142 $1 Rxg7 47. Rxg7 Kxg7 48. Qg6+ Kh8 49. Qxh6+ Kg8 50. Bc4+ Qd5 51. Bxd5+ Rxd5 52. Qg6+ Kh8 53. Qxf6+ Kg8 54. Qg6+ Kf8 55. f6) 46... Rf8 47. Qh4 Rd8 48. a6 Rf8 49. Rxd4 Qc7 50. Bc4 Rd8 51. Rdg4 (51. b6 $142 Qb8 52. c7 Rxc7 53. bxc7 Qxc7 54. Rdg4 Qe7 55. Rxg7 Qxg7 56. Rxg7) 51... Bf8 52. Qxf6+ {[%emt 0:00:04] White mates.} Bg7 {[%emt 0:00:06] [#]} 53. Rxg7 $1 Rxg7 54. Qxh6+ Rh7 55. Qf6+ Rg7 56. b6 Qe7 57. Qxg7+ Qxg7 58. Rxg7 Kxg7 59. b7 {[%emt 0:00:01] Weighted Error Value: White=0.64/Black=1.17} 1-0

[Event "FTX Crypto Cup MCCT 2022"]
[Site "Miami"]
[Date "2022.08.11"]
[Round "1.3"]
[White "Aronian, Levon"]
[Black "Le, Quang Liem"]
[Result "1/2-1/2"]
[ECO "A28"]
[WhiteElo "2775"]
[BlackElo "2722"]
[Annotator "TA"]
[PlyCount "132"]
[EventDate "2022.08.10"]
[EventType "tourn"]
[EventCountry "USA"]
[SourceTitle "playchess.com"]
[Source "ChessBase"]
[SourceQuality "1"]
[TimeControl "900+10"]

1. c4 Nf6 2. Nc3 e5 3. Nf3 Nc6 4. e4 Bb4 5. d3 d6 6. Be2 {[%emt 0:00:01] A28: English Opening: Four Knights Variation.} a5 {[%emt 0:00:14] 6...Bg4 is setting a new trend.} 7. O-O Bc5 8. Nd2 {[%emt 0:00:39] [#]} O-O $146 ({Predecessor:} 8... Nd4 9. Nb3 Nxb3 10. axb3 c6 11. Kh1 Bd4 12. Bd2 Ra6 13. Qe1 Nd7 14. f4 Nc5 {0-1 (45) Zhao,J (2580)-Zhou,W (2592) Ningbo 2011}) 9. Nb3 Ba7 10. Kh1 Nd7 11. f4 exf4 12. Bxf4 Nd4 13. Nxa5 f5 14. Nb3 Ne5 {[%emt 0:00:57] [#]} (14... g5 $14 15. Bd2 f4) 15. c5 ({White should try} 15. Nxd4 $1 Bxd4 16. Nb5) 15... Nxe2 $16 16. Qxe2 {[%emt 0:00:04] And now Bg3 would win.} fxe4 (16... Ng6 $1 $14) 17. Nxe4 Bg4 18. Qc2 Ng6 19. Bg3 Rxf1+ 20. Rxf1 d5 21. Nf2 {[%emt 0:00:37] White is much more active.} Bd7 22. d4 Bb8 23. Nd3 c6 (23... Rxa2 $14 24. Nb4 (24. Qf2 Bb5 $11) 24... Bb5) 24. Bxb8 Qxb8 25. a3 Qc7 26. Nd2 Re8 27. Qd1 Qd8 28. Qf3 Rf8 {[%emt 0:02:48] Against Qf7+} 29. Qe3 Re8 30. Ne5 Nxe5 31. dxe5 Qe7 32. Re1 Bf5 33. Kg1 Be4 34. Qd4 (34. Nxe4 $14 Qxe5 35. Qg3 Qd4+ 36. Qf2 Rxe4 37. Qxd4 Rxd4 38. Re7) 34... Qxe5 $11 {[%emt 0:00:14] The position is equal.} 35. Qxe5 Rxe5 36. Nxe4 dxe4 {[%emt 0:00:00][%mdl 4096] Endgame KR-KR} 37. b4 e3 38. Kf1 Rf5+ 39. Kg1 Re5 40. g3 Kf7 41. Kg2 Ke6 $1 42. Kf3 Kd5 $1 43. Rd1+ Kc4 44. Ke2 Rd5 45. Rf1 Rd7 {[%emt 0:00:04] Against Rf7} 46. Kxe3 Kb3 ({Much less strong is} 46... Rd3+ 47. Ke4 $14) 47. b5 cxb5 48. Rb1+ Kc4 {[%emt 0:00:10] [#] Threatens to win with ...Rd3+.} 49. Rc1+ Kb3 50. Rb1+ Ka4 51. Rb4+ Ka5 $1 52. Ke4 Rd2 53. h4 Rc2 54. Kd4 h5 55. Rb3 b6 56. cxb6 Kxb6 57. Ke5 {[%emt 0:00:49] a4 is the strong threat.} Rc4 58. Kf5 Rg4 59. Rb4 g6+ (59... Rxg3 $5 60. a4 g6+ 61. Kf6 Ka5 62. Rxb5+ Kxa4 $11) 60. Kf6 {[%emt 0:00:04] aiming for Rxg4.} Rxg3 61. a4 Rg4 62. Rxb5+ Ka6 63. Rg5 Rxh4 64. Kxg6 Rxa4 65. Kxh5 Ra5 66. Rxa5+ Kxa5 {[%emt 0:00:00] Weighted Error Value: White=0.07 (flawless) /Black=0.07 (flawless)} 1/2-1/2

[Event "FTX Crypto Cup MCCT 2022"]
[Site "Miami"]
[Date "2022.08.11"]
[Round "1.3"]
[White "Giri, Anish"]
[Black "Carlsen, Magnus"]
[Result "0-1"]
[ECO "C02"]
[WhiteElo "2760"]
[BlackElo "2864"]
[Annotator "TA"]
[PlyCount "68"]
[EventDate "2022.08.10"]
[EventType "tourn"]
[EventCountry "USA"]
[SourceTitle "playchess.com"]
[Source "ChessBase"]
[SourceQuality "1"]
[TimeControl "900+10"]

1. e4 e6 2. d4 d5 3. e5 c5 4. c3 Nc6 5. Nf3 Bd7 6. Be2 Nge7 7. O-O cxd4 8. cxd4 Nf5 9. Nc3 Rc8 10. Kh1 a6 {[%emt 0:01:21] C02: French: Advance Variation.} 11. Bg5 Qb6 12. Na4 {[%emt 0:00:08] [#]} Qa7 $146 {[%emt 0:00:48][%cal Rc6d4] The position is equal.} ({Predecessor:} 12... Qa5 13. Rc1 b5 14. Nc5 Bxc5 15. dxc5 Qxa2 16. Bd3 h6 17. Bd2 Qxb2 18. Bc3 Qa3 {0-1 (39) Garcia Medinilla,D-Tasic,V LSS email 2007}) 13. Be3 Be7 14. a3 b5 15. Nc3 O-O 16. Bd3 Nxe3 17. fxe3 b4 18. axb4 Nxb4 19. e4 (19. Be2 $11) 19... Nxd3 20. Qxd3 dxe4 21. Nxe4 h6 {[%emt 0:00:07] Prevents Nfg5.} 22. Rfe1 ({Avoid the trap} 22. Qxa6 $2 Qxa6 23. Rxa6 Bb5 $19) 22... a5 23. Qd2 $1 {[%emt 0:01:20][%cal Oe4f6] Black must now prevent Nf6+!} Bc6 24. Qf4 ({Don't blunder} 24. Qxa5 $2 Qxa5 25. Rxa5 Bb4 $19) (24. Nf6+ $11 Kh8 25. d5 (25. Rxa5 $2 Qb8 $19) 25... exd5 26. Nd4) 24... Qb8 25. Re2 a4 26. Qg4 Qb5 (26... Kh8 $142 27. Qf4 Qb3) 27. Rae1 {[%emt 0:01:03] [#]} (27. Rf2 $17) 27... Bb4 $1 $19 28. d5 $2 (28. Nd6 Bxd6 29. exd6) 28... Bxe1 {[%emt 0:01:30] This bishop pair is nice.} 29. Nd4 {[%emt 0:00:09] [#]} Qd3 30. Rxe1 (30. Nf6+ Kh8) 30... Bxd5 31. Nf6+ Kh8 32. Nxd5 Qd2 33. Rd1 (33. Nf3 $19 Qxd5 34. Qxa4) 33... Rc1 34. Nc3 Qe1+ {[%emt 0:00:04][%mdl 64] Back Rank.  Weighted Error Value: White=0.69/Black=0.13 (very precise)} 0-1